 Dungeon Crawl Stone Soup version 0.28-a0-1184-g53156a8862 (webtiles) character file.

Game seed: 6299752005399498455

23 ytrimaz the Insei (level 2, -1/18 HPs)
             Began as an Octopode Transmuter on Dec 17, 2021.
             Was an Initiate of Gozag.
             Slain by an iguana (14 damage)
             ... on level 2 of the Dungeon.
             The game lasted 00:03:24 (1402 turns).

ytrimaz the Insei (Octopode Transmuter)             Turns: 1402, Time: 00:03:24

Health: -1/18      AC:  1    Str:  9    XL:     2   Next: 95%
Magic:  5/5        EV: 13    Int: 15    God:    Gozag
Gold:   115        SH:  0    Dex: 12    Spells: 2/5 levels left

rFire   . . .      SeeInvis .     - Unarmed
rCold   . . .      Faith    .   (no shield)
rNeg    . . .      Spirit   .   (helmet restricted)
rPois   .          Reflect  .   (no amulet)
rElec   .          Harm     .   (no ring)
rCorr   .          Rampage  .   (no ring)
Will    .....                   (no ring)
Stlth   ++........              (no ring)
HPRegen 0.06/turn               (no ring)
MPRegen 0.09/turn               (no ring)
                                (no ring)
                                (no ring)

@: gold aura
A: almost no armour, amphibious, 8 rings, camouflage 1, gelatinous body 1,
(nimble swimmer 1), tentacles
a: Renounce Religion, Potion Petition, Call Merchant, Bribe Branch


You were on level 2 of the Dungeon.
You worshipped Gozag.
Gozag was aware of your devotion.
You visited 1 branch of the dungeon, and saw 2 of its levels.

You collected 115 gold pieces.

Inventory:

Potions
 a - a potion of curing {unknown}


   Skills:
 * Level 1.2 Fighting
 + Level 2.2 Dodging
 + Level 3.3 Unarmed Combat
 * Level 2.2 Spellcasting
 * Level 2.3 Transmutations


You had 2 spell levels left.
You knew the following spells:

 Your Spells              Type           Power      Damage    Failure   Level
a - Beastly Appendage     Tmut           16%        N/A       9%          1
b - Wereblood             Tmut           8%         N/A       12%         2

Your spell library contained the following spells:

 Spells                   Type           Power      Damage    Failure   Level
 Passwall                 Tmut/Erth      4%         N/A       21%         2
 Sandblast                Erth           2%         2d4       22%         1
 Spider Form              Tmut/Pois      5%         N/A       38%         3
 Stone Arrow              Conj/Erth      2%         3d7       54%         3
 Ice Form                 Ice/Tmut       5%         N/A       80%         4


Dungeon Overview and Level Annotations

Branches:
Dungeon (2/15)

Altars:
Gozag

Shops:
D:1 (


Innate Abilities, Weirdness & Mutations

You cannot wear most types of armour.
You are amphibious.
You can wear up to eight rings at the same time.
Your skin changes colour to match your surroundings (Stealth+).
Your rubbery body absorbs attacks. (AC +1, EV +1)
((You are camouflaged near water. (Stealth+)))
You have tentacles for arms and can constrict up to eight enemies at once.


Message History

Done exploring.
Done exploring.
Done exploring.
Done exploring.
You see here a +0 leather armour.
There is an escape hatch in the floor here.
You slide downwards.
The hatch slams shut behind you.
Found a falchion.
The helpless bat fails to defend itself.
You tentacle-slap the bat. Your grab misses the bat.
The bat is severely wounded.
The bat barely misses you. The bat closely misses you.
The bat hits you but does no damage. The bat closely misses you.
The bat hits you. The bat closely misses you.
An iguana comes into view.
The ball python hisses angrily.
The bat barely misses you.
You barely miss the bat. Your grab misses the bat.
The bat is moderately wounded.
The bat completely misses you. The bat hits you.
The ball python completely misses you. The ball python barely misses you.
You barely miss the ball python. You grab the ball python.
You constrict the ball python. The bat misses you. The ball python bites you.
The ball python grabs you. The ball python constricts you.
You tentacle-slap the ball python.
You kill the ball python!
The bat barely misses you.
You closely miss the bat. You grab the bat. You constrict the bat.
The bat hits you but does no damage.
The bat struggles to escape constriction.
You tentacle-slap the bat.
You kill the bat!
The iguana bites you!
Ouch! That really hurt!
You die...
Your body crumbles into a pile of gold.

..
##+####..
#.......
#.....#
#...).#
#.....####
#..$$....#
#......#
#...@..#
#...l..#
#......#
####...#
#.### #.#
#.# ..#


You could see an iguana.

Vanquished Creatures
  A dart slug (D:1)
  6 bats
  2 endoplasms (D:1)
  A giant cockroach (D:1)
  2 goblins (D:1)
  2 hobgoblins (D:1)
  A kobold (D:1)
  3 ball pythons
  2 rats (D:1)
20 creatures vanquished.

Notes
Turn   | Place    | Note
-------+----------+-------------------------------------------
     0 | D:1      | ytrimaz the Octopode Transmuter began the quest for the
                  | Orb.
     0 | D:1      | Reached XP level 1. HP: 13/13 MP: 3/3
    24 | D:1      | Found a faded altar of an unknown god.
    33 | D:1      | Prayed at the altar of an unknown god.
    33 | D:1      | Became a worshipper of Gozag Ym Sagoz the Greedy
   403 | D:1      | Found Ofuqohul's Antique Weapon Shoppe.
   406 | D:1      | Reached XP level 2. HP: 11/18 MP: 3/5
   742 | D:1      | Learned a level 2 spell: Wereblood
  1402 | D:2      | Slain by an iguana

Illustrated notes

Levels and vault maps discovered:
D:1:      lemuel_arrival_broad_hall, layout_loops_corners,
          ebering_ecumenical_altar_webs, serial_shops, nicolae_diamond_shop
D:2:      layout_basic, basic_altar, nicolae_wormholes

Action                   || total
-------------------------++-------
Melee: Unarmed           ||    48
       Constrict         ||    14
       Kick              ||     8
       Tentacles         ||     3
 Cast: Beastly Appendage ||     9
 Stab: Sleeping          ||     5
Armor: Skin              ||     8
Dodge: Dodged            ||    40

Table legend: (Time is in decaauts)
 A = Elapsed time spent in this place.
 B = Non-inter-level travel time spent in this place.
 C = Inter-level travel time spent in this place.
 D = Time resting spent in this place.
 E = Time spent auto-exploring this place.
 F = Levels seen in this place.
 G = Mean time per level.
                   A        B        C        D        E       F      G
               +--------+--------+--------+--------+--------+-----+--------+
         Total |   1398 |   1338 |     60 |      0 |   1167 |   2 |  699.0 |
       Dungeon |   1398 |   1338 |     60 |      0 |   1167 |   2 |  699.0 |
               +--------+--------+--------+--------+--------+-----+--------+

Top non-repeatable levels by time:
     D:1: 1385 daAuts
     D:2: 13 daAuts
